 Dungeon Crawl Stone Soup version 0.25.0-9-g26727b657a (webtiles) character file.

Game seed: 12477759728501454962

6316 Esekla the Thaumaturge (level 10, -10/49 HPs)
             Began as a Vine Stalker Venom Mage on June 18, 2020.
             Was a Priest of Vehumet.
             Mangled by a black mamba (12 damage)
             ... on level 1 of the Lair of Beasts.
             The game lasted 01:14:52 (8395 turns).

Esekla the Thaumaturge (Vine Stalker Venom Mage)    Turns: 8395, Time: 01:14:52

Health: -10/49     AC:  8    Str: 11    XL:     10   Next: 95%
Magic:  0/23       EV: 13    Int: 18    God:    Vehumet [***...]
Gold:   402        SH:  0    Dex: 15    Spells: 9/26 levels left

rFire    + . .     SeeInvis .   a - +0 falchion
rCold    . . .     Gourm    .   (no shield)
rNeg     . . .     Faith    .   C - +2 robe {Archmagi}
rPois    .         Spirit   +   F - -2 helmet "Wompu" {rF+ Slay+2} (curse)
rElec    .         Reflect  .   J - +0 cloak
rCorr    .         Harm     .   (no gloves)
MR       +....                  (no boots)
Stlth    ++........             e - amulet of magic regeneration
HPRegen  0.56/turn              p - +4 ring of protection
MPRegen  0.43/turn              (no ring)

@: lethally poisoned (-10 -> -24), frozen ramparts
A: fangs 3, regeneration 1, magic shield, antimagic bite, no potion heal 3, rot
immunity
a: Renounce Religion


You were on level 1 of the Lair of Beasts.
You worshipped Vehumet.
Vehumet was most pleased with you.
You were not hungry.

You visited 3 branches of the dungeon, and saw 11 of its levels.

You collected 468 gold pieces.
You spent 66 gold pieces at shops.

Inventory:

Hand Weapons
 a - a +0 falchion (weapon)
 s - a +3 short sword
Missiles
 u - 5 silver boomerangs
 y - 43 poisoned darts (quivered)
 z - 12 boomerangs
 I - 7 javelins
Armour
 m - a +0 robe
 A - a +0 troll leather armour
 C - a +2 robe of the Archmagi (worn)
 F - the cursed -2 helmet "Wompu" (worn) {rF+ Slay+2}
   (You found it on level 6 of the Dungeon)

   It affects your accuracy and damage with ranged weapons and melee attacks
   (+2).
   It protects you from fire.
   It has a curse placed upon it.
 J - a +0 cloak (worn)
Jewellery
 e - an amulet of magic regeneration (around neck)
 p - a +4 ring of protection (left hand)
Wands
 l - a wand of digging (5)
Scrolls
 b - 3 scrolls of immolation {unknown}
 d - 6 scrolls of identify {unknown}
 i - 3 scrolls of teleportation
 n - 4 scrolls of remove curse {unknown}
 q - 4 scrolls of enchant weapon {unknown}
 t - 2 scrolls of random uselessness {unknown}
 w - 2 scrolls of amnesia {unknown}
 x - 2 scrolls of magic mapping {unknown}
 B - a scroll of noise {unknown}
 D - a scroll of holy word {unknown}
 H - a scroll of fear {unknown}
Potions
 f - a potion of haste {unknown}
 g - 2 potions of stabbing {unknown}
 h - 2 potions of lignification {unknown}
 j - a potion of invisibility {unknown}
 k - 4 potions of brilliance {unknown}
 o - 3 potions of degeneration {unknown}
 r - a potion of mutation {unknown}
 v - 2 potions of might {unknown}
 E - a potion of resistance {unknown}
 G - 2 potions of curing
Comestibles
 c - 14 rations
 K - 3 chunks of flesh


   Skills:
 + Level 3.3 Fighting
 + Level 2.5(4.0) Short Blades
 + Level 4.8(5.1) Long Blades
 + Level 3.2 Dodging
 + Level 2.9 Stealth
 * Level 8.6 Spellcasting
 + Level 4.7 Conjurations
 + Level 3.2 Transmutations
 + Level 4.6 Fire Magic
 * Level 2.0 Ice Magic
 + Level 7.1 Air Magic
 + Level 4.2 Poison Magic


You had 9 spell levels left.
You knew the following spells:

 Your Spells              Type           Power        Failure   Level  Hunger
a - Sting                 Tmut/Pois      ####         1%          1    None
b - Ignite Poison         Fire/Tmut/Pois ####....     1%          3    None
c - Mephitic Cloud        Conj/Pois/Air  #####...     1%          3    None
d - Magic Dart            Conj           ####         1%          1    None
e - Shock                 Conj/Air       ####         1%          1    None
f - Conjure Flame         Conj/Fire      #####...     1%          3    None
r - Frozen Ramparts       Ice            ###...       3%          3    None
v - Poisonous Vapours     Pois/Air       #####.       1%          2    None

Your spell library contained the following spells:

 Spells                   Type           Power        Failure   Level  Hunger
 Olgreb's Toxic Radiance  Pois           ####....     4%          4    ###....


Dungeon Overview and Level Annotations

Branches:
Dungeon (9/15)             Temple (1/1) D:4            Lair (1/6) D:8
    Orc: D:9-12

Altars:
Ashenzari
Cheibriados
Dithmenos
Elyvilon
Fedhas
Gozag
Hepliaklqana
Kikubaaqudgha
Makhleb
Nemelex Xobeh
Okawaru
Qazlal
Ru
Sif Muna
Trog
Uskayaw
Vehumet
Wu Jian
Yredelemnul
Zin
The Shining One

Shops:
D:4 %   D:8 *


Innate Abilities, Weirdness & Mutations

You have razor-sharp teeth.
Your natural rate of healing is unusually fast.
When hurt, damage is shared between your health and your magic reserves.
Your bite disrupts and absorbs the magic of your enemies.
Potions cannot restore your health.
You are immune to rotting.


Message History

The black mamba bites you!
* * * LOW HITPOINT WARNING * * *
The wall freezes the water moccasin.
The water moccasin bites you but does no damage.
You hit the water moccasin.
The water moccasin is almost dead.
You feel sick.
A killer bee comes into view.
The wall freezes the black mamba.
The black mamba seems to slow down.
The black mamba bites you!
* * * LOW HITPOINT WARNING * * *
You are more poisoned.
The black mamba poisons you!
The wall freezes the water moccasin!
You kill the water moccasin!
Vehumet accepts your kill.
You feel your power returning.
Your Air Magic skill increases to level 7!
The wall freezes the black mamba.
The black mamba seems to slow down.
The black mamba bites you!
You die...

... ... .... .... .
(..## ..... ..[..#.
P..... ....#..
###...?#
....y..#####......#
........S@##.....##
........##†#......##
........###........#..
..$......#............
..........<...........
F.......S....##†......
.............# .......
.............##.......
.....................


You could see a black mamba (slow) and a killer bee (wandering).

Vanquished Creatures
  2 death yaks (D:7)
  Pikel (D:4)
  A komodo dragon (Lair:1)
  2 trolls (D:9)
  A hippogriff (D:9)
  Sigmund (D:2)
  Edmund (D:5)
  2 water moccasins
  A porcupine (Lair:1)
  Duvessa (D:4)
  A slave (D:4)
  3 ice beasts
  6 ogres
  2 orc warriors
  3 sky beasts
  A centaur (D:6)
  A crocodile (D:9)
  A big kobold (D:9)
  3 bullfrogs
  2 elf zombies (D:4)
  A gnoll sergeant (D:8)
  3 scorpions
  Dowan (D:4)
  A howler monkey (D:6)
  A crimson imp (D:6)
  A centaur zombie (D:8)
  A jelly (D:5)
  A quasit (D:9)
  2 human zombies (D:4)
  2 hounds
  A centaur skeleton (D:4)
  2 orc priests
  6 orc wizards
  2 iguanas
  A gnoll shaman (D:5)
  A hell rat (D:8)
  3 worker ants
  A hound skeleton (D:5)
  A worker ant zombie (D:9)
  Robin (D:2)
  8 gnolls
  5 adders
  A howler monkey skeleton (D:9)
  3 shadow imps
  3 oozes
  An adder zombie (D:8)
  2 adder skeletons
  2 worms
  5 dart slugs
  4 leopard geckos
  34 orcs
  8 bats
  3 giant cockroaches
  11 goblins
  7 hobgoblins
  12 jackals
  5 quokkas
  A frilled lizard (D:1)
  15 kobolds
  6 orc skeletons (D:4)
  An orc zombie (D:4)
  2 quokka skeletons
  5 rats
213 creatures vanquished.

Vanquished Creatures (others)
  Blork the orc (D:4)
1 creature vanquished.

Grand Total: 214 creatures vanquished

Notes
Turn   | Place    | Note
-------+----------+-------------------------------------------
     0 | D:1      | Esekla the Vine Stalker Venom Mage began the quest for the
                  | Orb.
     0 | D:1      | Reached XP level 1. HP: 9/9 MP: 4/4
   394 | D:1      | Reached XP level 2. HP: 14/14 MP: 4/6
   404 | D:1      | Learned a level 2 spell: Poisonous Vapours
   682 | D:3      | Found a shadowy altar of Dithmenos.
   685 | D:3      | Found a blossoming altar of Fedhas.
   737 | D:3      | Found a basalt altar of Yredelemnul.
   789 | D:3      | You fall into a shaft and drop 1 floor!
   829 | D:3      | Reached XP level 3. HP: 17/17 MP: 5/8
   836 | D:3      | Reached skill level 1 in Air Magic
   838 | D:3      | Reached skill level 1 in Fighting
   936 | D:3      | Reached skill level 3 in Spellcasting
  1147 | D:3      | Learned a level 3 spell: Mephitic Cloud
  1286 | D:4      | Noticed Dowan
  1313 | D:4      | Killed Dowan
  1313 | D:4      | Gained mutation: Your natural rate of healing is unusually
                  | fast. [Vine Stalker growth]
  1313 | D:4      | Reached XP level 4. HP: 22/22 MP: 6/10
  1357 | D:4      | Reached XP level 5. HP: 19/25 MP: 7/11
  1411 | D:4      | Noticed Blork the orc
  1489 | D:4      | Reached skill level 1 in Conjurations
  1543 | D:4      | Reached skill level 1 in Long Blades
  1543 | D:4      | Reached XP level 6. HP: 15/30 MP: 9/12
  1550 | D:4      | Learned a level 3 spell: Ignite Poison
  1581 | D:4      | Reached skill level 4 in Spellcasting
  1782 | D:4      | Noticed a slave
  1782 | D:4      | Noticed a slave
  1786 | D:5      | Entered Level 5 of the Dungeon
  1808 | D:5      | Noticed an ice beast
  1830 | D:5      | Killed an ice beast
  1830 | D:5      | Reached skill level 1 in Fire Magic
  1830 | D:5      | Reached XP level 7. HP: 5/34 MP: 5/14
  2348 | D:4      | Noticed Duvessa
  2369 | D:4      | Killed Duvessa
  2418 | D:4      | Found a staircase to the Ecumenical Temple.
  2425 | Temple   | Entered the Ecumenical Temple
  2583 | Temple   | Became a worshipper of Vehumet
  2755 | D:2      | Noticed Robin
  2791 | D:2      | Killed Robin
  2815 | D:2      | Noticed Sigmund
  2883 | D:2      | Killed Sigmund
  2883 | D:2      | Gained mutation: You have razor-sharp teeth. [Vine Stalker
                  | growth]
  2883 | D:2      | Reached XP level 8. HP: 39/39 MP: 14/16
  3054 | D:1      | Reached skill level 1 in Short Blades
  3930 | D:3      | Reached * piety under Vehumet
  3930 | D:3      | Offered knowledge of Shock by Vehumet.
  3933 | D:3      | Learned a level 1 spell: Shock
  4681 | D:4      | Noticed Pikel
  4689 | D:4      | Killed Pikel
  4689 | D:4      | Reached skill level 5 in Spellcasting
  4702 | D:4      | Reached XP level 9. HP: 43/43 MP: 11/18
  4710 | D:4      | Found Sejoq's Food Shop.
  4770 | D:4      | Killed Blork the orc
  5179 | D:5      | Found a hide-covered altar of Uskayaw.
  5277 | D:5      | Noticed Edmund
  5306 | D:5      | Killed Edmund
  5306 | D:5      | Reached skill level 6 in Spellcasting
  5403 | D:5      | Reached skill level 5 in Air Magic
  5997 | D:6      | Got a masterwork helmet
  6017 | D:6      | Identified the cursed -2 helmet "Wompu" {rF+ Slay+2} (You
                  | found it on level 6 of the Dungeon)
  6128 | D:6      | Reached ** piety under Vehumet
  6139 | D:6      | Offered knowledge of Magic Dart by Vehumet.
  6149 | D:6      | Learned a level 1 spell: Magic Dart
  6703 | D:7      | Found a burning altar of Makhleb.
  6747 | D:7      | Reached skill level 7 in Spellcasting
  6749 | D:7      | Found a glowing silver altar of Zin.
  6749 | D:7      | Found a glowing golden altar of the Shining One.
  6887 | D:7      | Found a burning altar of Makhleb.
  6997 | D:7      | Found a hazy altar of Hepliaklqana.
  7150 | D:8      | Found a staircase to the Lair.
  7151 | D:8      | Noticed a death yak
  7153 | D:8      | Noticed a death yak
  7153 | D:8      | Noticed a death yak
  7220 | D:7      | Killed a death yak
  7220 | D:7      | Reached XP level 10. HP: 29/49 MP: 16/22
  7349 | D:7      | Killed a death yak
  7426 | D:8      | Offered knowledge of Frozen Ramparts by Vehumet.
  7467 | D:7      | Learned a level 3 spell: Frozen Ramparts
  7607 | D:9      | Reached skill level 8 in Spellcasting
  7607 | D:9      | Reached skill level 1 in Ice Magic
  7655 | D:9      | Reached *** piety under Vehumet
  7806 | D:9      | Offered knowledge of Conjure Flame by Vehumet.
  7838 | D:9      | Learned a level 3 spell: Conjure Flame
  7932 | D:9      | Found a sparkling altar of Nemelex Xobeh.
  8234 | D:8      | Found Geuzxaunau's General Store.
  8250 | D:8      | Bought a potion of curing for 33 gold pieces
  8250 | D:8      | Bought a scroll of teleportation for 33 gold pieces
  8344 | Lair:1   | Entered Level 1 of the Lair of Beasts
  8381 | Lair:1   | Noticed a black mamba
  8395 | Lair:1   | HP: 2/49 [black mamba (12)]
  8395 | Lair:1   | Mangled by a black mamba

Illustrated notes

Levels and vault maps discovered:
D:1:      saegor_arrival_under_anarchy, layout_basic
D:2:      layout_basic, uniq_robin, uniq_sigmund
D:3:      layout_basic, nicolae_overflow_hidden_temple, grunt_ministairs_9,
          st_stairs_7
D:4:      layout_gridville, minmay_temple_entry_ruins, serial_shops, shop,
          first_ration, nicolae_ossuary_entry_catacombs, uniq_pikel,
          uniq_duvessa, uniq_blork_the_orc
D:5:      layout_basic, eat_drink_and_be_merry_uskayaw, uniq_edmund
D:6:      layout_loops_ring, st_stairs_8
D:7:      layout_rooms, kennysheep_mini_moat, lightli_temple_of_fire,
          grunt_temple_overflow_open, basic_altar
D:8:      layout_loops_cross, kennysheep_mini, dpeg_lair_monsters, serial_shops,
          nicolae_shop_waterfront, uniq_harold, uniq_prince_ribbit1
D:9:      layout_rooms, nemelex_xobeh_ov_fountains_minmay
Temple:   nicolae_temple_figure_eight
Lair:1:   wad_woods_minihive, layout_hall_layers

Skill      XL: |  1  2  3  4  5  6  7  8  9 10 |
---------------+-------------------------------+-----
Air Magic      | 1 2 3 4 6 7 |  7.1
Fighting       | 1 2 3 |  3.3
Spellcasting   | 3 4 5 7 8 |  8.6
Conjurations   | 1 2 3 4 |  4.7
Long Blades    | 1 2 3 4 |  4.8
Dodging        | 2 3 |  3.2
Fire Magic     | 1 2 3 4 |  4.6
Short Blades   | 2 |  2.5
Transmutations | 2 3 |  3.2
Ice Magic      | 2 |  2.0
Poison Magic   | 4 |  4.2
Stealth        | |  2.9

Action                   |  1- 3 |  4- 6 |  7- 9 | 10-12 || total
-------------------------+-------+-------+-------+-------++-------
Melee: Dagger            |    14 |       |       |       ||    14
       Bite              |    14 |    50 |    76 |    24 ||   164
       Short sword       |    37 |     8 |   110 |     6 ||   161
       Falchion          |       |   134 |   125 |    77 ||   336
Throw: Dart              |       |       |    14 |     1 ||    15
       Boomerang         |       |       |     2 |       ||     2
 Cast: Poisonous Vapours |    19 |     8 |    94 |    42 ||   163
       Mephitic Cloud    |       |       |    15 |     7 ||    22
       Shock             |       |       |     7 |       ||     7
       Ignite Poison     |       |       |     4 |    12 ||    16
       Frozen Ramparts   |       |       |       |     2 ||     2
 Stab: Sleeping          |     1 |     6 |     7 |     1 ||    15
       Confused          |       |       |     9 |     1 ||    10
  Eat: Chunk             |     2 |     1 |    17 |     4 ||    24
       Ration            |       |       |     1 |       ||     1
Armor: Robe              |    10 |    13 |    63 |    32 ||   118
Dodge: Dodged            |    35 |    70 |   163 |    88 ||   356
       Rpst.: Falchion   |       |    24 |    29 |    20 ||    73
